 Dungeon Crawl Stone Soup version 0.28.0 (webtiles) character file.

Game seed: 11243201597704449413

16963 PoweredByGinger the Severer (level 12, -7/106 HPs)
             Began as a Minotaur Berserker on Feb 10, 2022.
             Was a High Priest of Trog.
             Mangled by a spriggan rider (11 damage)
             ... on level 1 of the Lair of Beasts.
             The game lasted 00:17:00 (14781 turns).

PoweredByGinger the Severer (Minotaur Berserker)   Turns: 14781, Time: 00:17:01

Health: -7/106     AC: 15    Str: 27    XL:     12   Next: 14%
Magic:  12/12      EV: 17    Int:  4    God:    Trog [*****.]
Gold:   789        SH:  0    Dex: 10    Spells: 11/11 levels left

rFire   . . .      SeeInvis .   a - +0 war axe
rCold   . . .      Faith    .   (no shield)
rNeg    . . .      Spirit   .   B - +4 ring mail {Will+}
rPois   .          Reflect  .   (helmet restricted)
rElec   .          Harm     .   L - +2 cloak {rCorr}
rCorr   +          Rampage  +   (no gloves)
Will    +++..                   O - +0 pair of boots {rampage}
Stlth   ..........              e - amulet of magic regeneration
HPRegen 1.27/turn               q - +4 ring of evasion
MPRegen 0.53/turn               (no ring)

@: strong-willed, regenerating, invisible
A: horns 2, retaliatory headbutt
a: Renounce Religion, Berserk, Trog's Hand, Brothers in Arms


You were on level 1 of the Lair of Beasts.
You worshipped Trog.
Trog was extremely pleased with you.
You visited 3 branches of the dungeon, and saw 13 of its levels.
You also visited: Sewer.

You collected 789 gold pieces.

Inventory:

Hand Weapons
 a - a +0 war axe (weapon)
 b - a +0 dire flail of protection
Missiles
 d - 187 arrows
 h - 113 bolts
 m - 6 datura-tipped darts
 u - 2 throwing nets (quivered)
 z - 6 boomerangs
 E - 16 poisoned darts
Armour
 y - a +0 pair of boots
 B - a +4 ring mail of willpower (worn)
 L - a +2 cloak of preservation (worn)
 O - a +0 pair of boots of rampaging (worn)
 R - a +0 plate armour
Jewellery
 e - an amulet of magic regeneration (around neck)
 g - a ring of flight
 q - a +4 ring of evasion (left hand)
 F - a +6 ring of strength
 N - a ring of protection from cold
 P - a +6 ring of strength
Wands
 o - a wand of mindburst (2)
 H - a wand of iceblast (18)
 J - a wand of digging (8)
 Q - a wand of paralysis (12)
 U - a wand of flame (6)
Scrolls
 c - a scroll of noise
 i - 2 scrolls of silence {unknown}
 n - a scroll of enchant armour
 r - a scroll of immolation
 s - 2 scrolls of amnesia
 v - 3 scrolls of fog
 w - 3 scrolls of vulnerability
 A - 3 scrolls of teleportation
 G - a scroll of summoning {unknown}
 I - 10 scrolls of identify
 T - a scroll of torment {unknown}
 V - 2 scrolls of enchant weapon {unknown}
Potions
 f - a potion of lignification {unknown}
 j - 2 potions of degeneration {unknown}
 k - 5 potions of brilliance {unknown}
 l - 6 potions of heal wounds {unknown}
 p - a potion of invisibility
 t - 3 potions of curing {unknown}
 x - 3 potions of mutation {unknown}
 C - 3 potions of haste {unknown}
 D - a potion of magic {unknown}
 K - a potion of ambrosia {unknown}
 M - 3 potions of might {unknown}
 S - 2 potions of flight {unknown}
 W - a potion of resistance {unknown}


   Skills:
 * Level 10.2 Fighting
 + Level 19.4 Axes
 + Level 7.0 Armour
 + Level 6.5 Dodging
 + Level 1.9 Invocations


You had 11 spell levels left.
You didn't know any spells.
Your spell library was empty.

Dungeon Overview and Level Annotations

Branches:
Dungeon (11/15)            Temple (1/1) D:7            Lair (1/6) D:10
    Orc (0/2) D:11          Sewer (visited)

Altars:
Ashenzari
Cheibriados
Dithmenos
Elyvilon
Fedhas
Gozag
Hepliaklqana
Kikubaaqudgha
Makhleb
Nemelex Xobeh
Okawaru
Qazlal
Ru
Sif Muna
Trog
Uskayaw
Vehumet
Wu Jian
Xom
Yredelemnul
Zin
The Shining One

Shops:
D:6 !


Innate Abilities, Weirdness & Mutations

You have a pair of horns on your head.
You reflexively headbutt those who attack you in melee.


Message History

You barely miss the wolf. The wolf misses you.
The spriggan rider hits you from afar with a +0 spear!
You slash the wolf!
The wolf is severely wounded.
The wolf barely misses you.
You miss the wolf.
The wolf is severely wounded.
The wolf closely misses you.
The spriggan rider hits you but does no damage.
The wolf bites you.
You miss the wolf.
The wolf howls!
Your headbutt misses the wolf.
The wolf is severely wounded.
You hear a howl! x3
The wolf closely misses you. You furiously retaliate!
You headbutt the wolf!
You kill the wolf!
Trog accepts your kill. The spriggan rider closely misses you.
You rampage towards the spriggan rider! 3 wolves come into view.
You closely miss the spriggan rider.
The wolf howls!
You slash the wolf!
A wolf comes into view.
The wolf bites you but does no damage.
The wolf moves out of view.
The spriggan rider hits you from afar with a +0 spear!!
* * * LOW HITPOINT WARNING * * *
The wolf bites you.
* * * LOW HITPOINT WARNING * * *
Unknown command.
You slice the wolf!!
You kill the wolf!
Trog accepts your kill.
The spriggan rider hits you from afar with a +0 spear!!
* * * LOW HITPOINT WARNING * * *
You fade into invisibility!
The wolf misses you.
The spriggan rider hits you from afar with a +0 spear!
You die...

### ## h
######P#####h##hhhh
#.........@hihhhhh.
##..#..#..#####h♣..
#.######## ##.#
#..# #..# ##.# #.#
#.#


You could see a spriggan rider and 11 wolves.

Vanquished Creatures
  A boulder beetle (D:11)
  3 hydras
  2 two-headed ogres
  A necromancer (D:11)
  An ugly thing (D:7)
  A manticore (D:11)
  3 centaur zombies
  A cane toad (Lair:1)
  2 komodo dragons
  2 trolls (D:11)
  Grinder (Sewer)
  Sigmund (D:2)
  2 shadows (D:11)
  Eustachio (D:4)
  3 basilisks
  2 steam dragons
  4 yaks (D:10)
  2 vampires
  2 wyverns (D:10)
  Grum (D:11)
  2 wraiths
  2 vampire mosquitoes (D:10)
  Edmund (D:6)
  4 water moccasins
  2 acid dragons
  A sky beast (D:8)
  3 black bears
  2 ice beasts
  8 orc warriors
  A necrophage (D:7)
  2 centaurs
  5 ogres
  9 wolves
  2 phantoms (D:11)
  2 kobold brigands
  4 bullfrogs
  A wyvern zombie (D:7)
  4 scorpions
  A water moccasin zombie (D:6)
  2 water moccasin skeletons
  9 killer bees
  4 troll zombies (D:11)
  4 wights (D:8)
  4 howler monkeys
  2 quasits (Sewer)
  7 orc priests
  Crazy Yiuf (D:7)
  2 bullfrog skeletons
  2 hounds
  A jelly (D:3)
  A centaur skeleton (D:5)
  Jessica (D:2)
  Ijyb (D:3)
  Terence (D:2)
  Natasha (thrice) (D:3)
  3 iguanas
  3 orc wizards
  A yak simulacrum (D:11)
  2 polar bear simulacra (D:11)
  6 wolf simulacra (D:11)
  2 ogre zombies (D:11)
  A howler monkey zombie (D:7)
  Robin (D:2)
  15 gnolls
  4 adders
  A howler monkey skeleton (D:6)
  A river rat (D:6)
  A shadow imp (Sewer)
  A white imp (D:8)
  3 ufetubi (Sewer)
  A worm (D:6)
  6 dart slugs
  29 orcs
  10 bats
  A bat zombie (Sewer)
  19 endoplasms
  4 giant cockroaches
  14 goblins
  11 hobgoblins
  15 jackals
  6 quokkas
  7 ball pythons
  A frilled lizard (D:3)
  A goblin zombie (D:11)
  A hobgoblin skeleton (D:11)
  3 hobgoblin zombies (D:11)
  32 kobolds
  2 kobold zombies (Sewer)
  2 orc skeletons (D:11)
  11 orc zombies (D:11)
  5 rats
  2 river rat simulacra (D:11)
365 creatures vanquished.

Vanquished Creatures (collateral kills)
  Prince Ribbit (D:7)
1 creature vanquished.

Vanquished Creatures (others)
  A kobold zombie (Sewer)
  7 plants
  10 toadstools (D:3)
18 creatures vanquished.

Grand Total: 384 creatures vanquished

Notes
Turn   | Place    | Note
-------+----------+-------------------------------------------
     0 | D:1      | PoweredByGinger the Minotaur Berserker began the quest for
                  | the Orb.
     0 | D:1      | Reached XP level 1. HP: 19/19 MP: 0/0
    21 | D:1      | Reached skill level 4 in Axes
    27 | D:1      | Reached XP level 2. HP: 17/26 MP: 1/1
   268 | D:1      | Found a faded altar of an unknown god.
   300 | D:1      | Reached skill level 5 in Axes
   578 | D:1      | Reached XP level 3. HP: 28/31 MP: 2/2
   580 | D:1      | Reached ** piety under Trog
  1062 | D:2      | Noticed Terence
  1074 | D:2      | Killed Terence
  1075 | D:2      | Reached skill level 6 in Axes
  1075 | D:2      | Reached XP level 4. HP: 19/39 MP: 3/3
  1336 | D:2      | Noticed Sigmund
  1341 | D:2      | Killed Sigmund
  1342 | D:2      | Reached skill level 7 in Axes
  1342 | D:2      | Reached XP level 5. HP: 45/45 MP: 4/4
  1481 | D:2      | Noticed Jessica
  1482 | D:2      | Killed Jessica
  1483 | D:2      | Reached skill level 8 in Axes
  1546 | D:2      | Reached XP level 6. HP: 51/51 MP: 5/5
  1561 | D:2      | Noticed Robin
  1574 | D:2      | Killed Robin
  1794 | D:3      | Reached skill level 9 in Axes
  1857 | D:3      | Noticed Natasha
  1866 | D:3      | Killed Natasha
  1875 | D:3      | Noticed Natasha
  1877 | D:3      | Killed Natasha
  1936 | D:3      | Noticed Natasha
  1940 | D:3      | Killed Natasha
  1940 | D:3      | Reached *** piety under Trog
  2164 | D:3      | Noticed Ijyb
  2195 | D:3      | Killed Ijyb
  2553 | D:3      | Reached XP level 7. HP: 57/57 MP: 6/6
  3001 | D:3      | Reached skill level 10 in Axes
  3414 | D:4      | Noticed Eustachio
  3425 | D:4      | Killed Eustachio
  3429 | D:4      | Reached skill level 11 in Axes
  3722 | D:4      | Reached XP level 8. HP: 64/64 MP: 7/7
  3969 | D:5      | Entered Level 5 of the Dungeon
  4124 | D:5      | Reached skill level 12 in Axes
  4180 | D:5      | Reached **** piety under Trog
  4300 | D:5      | Reached skill level 13 in Axes
  5363 | D:5      | Reached skill level 14 in Axes
  5797 | D:6      | Noticed Edmund
  5805 | D:6      | Killed Edmund
  5849 | D:6      | Found Zeodoz's Distillery.
  5878 | D:6      | Reached XP level 9. HP: 53/70 MP: 8/8
  6146 | D:6      | Reached skill level 15 in Axes
  6295 | D:6      | Found a glowing drain.
  6299 | Sewer    | Entered a sewer
  6397 | Sewer    | Reached ***** piety under Trog
  6409 | Sewer    | Found a burning altar of Makhleb.
  6515 | Sewer    | Noticed Grinder
  6521 | Sewer    | Killed Grinder
  6522 | Sewer    | Reached skill level 16 in Axes
  7566 | D:7      | Noticed a red ugly thing
  7577 | D:7      | Killed a red ugly thing
  7578 | D:7      | Reached skill level 17 in Axes
  7578 | D:7      | Reached XP level 10. HP: 49/77 MP: 9/9
  7600 | D:7      | Noticed Prince Ribbit
  7621 | D:7      | Killed Prince Ribbit
  7643 | D:7      | Found a shadowy altar of Dithmenos.
  8121 | D:7      | Found a staircase to the Ecumenical Temple.
  8242 | Temple   | Entered the Ecumenical Temple
  8500 | D:7      | Found a runed translucent door.
  8501 | D:7      | Noticed Crazy Yiuf
  8682 | D:7      | Killed Crazy Yiuf
  9263 | D:8      | Reached skill level 18 in Axes
  9813 | D:9      | Noticed a two-headed ogre
  9817 | D:9      | Killed a two-headed ogre
  9928 | D:9      | Reached skill level 5 in Fighting
 10513 | D:10     | Entered Level 10 of the Dungeon
 10675 | D:10     | Reached XP level 11. HP: 89/89 MP: 10/10
 11439 | D:10     | Found a staircase to the Lair.
 11473 | Lair:1   | Entered Level 1 of the Lair of Beasts
 11649 | D:11     | Reached skill level 5 in Armour
 11779 | D:11     | Noticed a boulder beetle
 11788 | D:11     | Killed a boulder beetle
 12034 | D:11     | Noticed a two-headed ogre
 12070 | D:11     | Killed a two-headed ogre
 12071 | D:11     | Reached skill level 19 in Axes
 12071 | D:11     | Reached skill level 5 in Dodging
 12651 | D:11     | Noticed a five-headed hydra
 12659 | D:11     | Killed a five-headed hydra
 12849 | D:11     | Found a staircase to the Orcish Mines.
 12950 | D:11     | Noticed Grum
 12962 | D:11     | Killed Grum
 13076 | D:11     | Noticed a necromancer
 13083 | D:11     | Killed a necromancer
 14142 | Lair:1   | Noticed a five-headed hydra
 14150 | Lair:1   | Killed a five-headed hydra
 14151 | Lair:1   | Reached skill level 1 in Invocations
 14629 | Lair:1   | Noticed a four-headed hydra
 14630 | Lair:1   | Reached XP level 12. HP: 106/106 MP: 11/11
 14656 | Lair:1   | Killed a four-headed hydra
 14657 | Lair:1   | Reached skill level 10 in Fighting
 14780 | Lair:1   | HP: 3/106 [spriggan rider (18)]
 14781 | Lair:1   | Mangled by a spriggan rider

Illustrated notes

Levels and vault maps discovered:
D:1:      lemuel_arrival_hallway, layout_rooms,
          hellmonk_ecumenical_altar_heavens_door, minmay_tetromino_i2
D:2:      layout_loops_cross, uniq_terence, uniq_jessica, uniq_robin,
          uniq_sigmund
D:3:      cheibrodos_fertilizer, layout_loops_cross, minmay_misc_feat_rugged,
          kennysheep_nub, minivault_5, uniq_ijyb, uniq_natasha
D:4:      layout_basic, serial_glass, glass_columns_a, glass_columns_a,
          uniq_eustachio
D:5:      layout_layer_cave, kennysheep_crisscross
D:6:      layout_basic, gup_sewer_entry_spiral, nicolae_take_the_stairs,
          kennysheep_path_1, uniq_edmund
D:7:      layout_loops_cross, mainiacjoe_overflow_alcove_4,
          minmay_temple_entry_gardened_gates, enter_bailey_3,
          uniq_crazy_yiuf_cottage, uniq_prince_ribbit1
D:8:      layout_rooms
D:9:      layout_cave_pools
D:10:     layout_cave_pools, erik_lair_dragon, minmay_misc_feat_doors
D:11:     layout_roguey, zombieorc1_lemuel, eino_house_with_fridge, uniq_grum
Temple:   grunt_wide_crystal_templ
Lair:1:   layout_cave_shapes, grunt_forest_large_clearings, serial_bayou_shore_a

Skill      XL: |  1  2  3  4  5  6  7  8  9 10 11 12 |
---------------+-------------------------------------+-----
Axes           | 4 5 6 7 8 9 11 14 17 18 19 | 19.4
Fighting       | 6 9 10 | 10.2
Armour         | 4 6 7 |  7.0
Dodging        | 3 6 |  6.5
Invocations    | 1 |  1.9

Action                   |  1- 3 |  4- 6 |  7- 9 | 10-12 || total
-------------------------+-------+-------+-------+-------++-------
Melee: Hand axe          |    70 |   144 |    67 |       ||   281
       Headbutt          |    10 |    23 |    53 |    87 ||   173
       Punch             |     1 |     1 |     6 |     4 ||    12
       War axe           |       |       |   213 |   507 ||   720
       Dire flail        |       |       |       |    10 ||    10
Invok: Berserk           |     1 |     4 |     7 |    16 ||    28
       Trog's Hand       |       |       |       |     3 ||     3
       Brothers in Arms  |       |       |       |     1 ||     1
  Use: Scroll            |       |       |     8 |       ||     8
       Potion            |       |       |       |     1 ||     1
 Stab: Distracted        |       |       |     1 |       ||     1
Armor: Animal skin       |     4 |       |       |       ||     4
       Leather armour    |    11 |       |       |       ||    11
       Scale mail        |       |    55 |    23 |       ||    78
       Ring mail         |       |       |    62 |   149 ||   211
Dodge: Dodged            |    50 |    51 |   176 |   311 ||   588
